 Dungeon Crawl Stone Soup version 0.23.1 (webtiles) character file.

Game seed: 13958568663021305444

697 poirepourri the Basher (level 7, -1/41 HPs)
             Began as a Gargoyle Fighter on Mar 5, 2019.
             Killed by divine providence
             ... invoked by an orc priest
              (7 damage)
             ... on level 6 of the Dungeon.
             The game lasted 00:03:32 (3891 turns).

poirepourri the Basher (Gargoyle Fighter)           Turns: 3891, Time: 00:03:33

Health: -1/41      AC: 11    Str: 20    XL:     7   Next: 65%
Magic:  7/7        EV:  7    Int:  8    God:
Gold:   366        SH: 14    Dex: 11    Spells: 6/6 levels left

rFire    . . .     SeeInvis .   a - +0 flail
rCold    . . .     Gourm    .   c - +2 shield
rNeg     + . .     Faith    .   b - +0 scale mail
rPois    ∞         Spirit   .   (no helmet)
rElec    +         Reflect  +   (no cloak)
rCorr    +         Harm     .   (no gloves)
MR       .....                  (no boots)
Stlth    ..........             e - +3 amulet of reflection
HPRegen  0.13/turn              l - ring of resist corrosion
MPRegen  0.10/turn              (no ring)

@: no status effects
A: negative energy resistance 1, electricity resistance, unbreathing,
petrification resistance, rot immunity, AC +4
a: no special abilities


You were on level 6 of the Dungeon.
You were not hungry.

You visited 1 branch of the dungeon, and saw 6 of its levels.

You collected 366 gold pieces.

Inventory:

Hand Weapons
 a - a +0 flail (weapon)
Missiles
 i - 76 bolts
 m - 10 tomahawks (quivered)
Armour
 b - a +0 scale mail (worn)
 c - a +2 shield (worn)
Jewellery
 e - a +3 amulet of reflection (around neck)
 l - a ring of resist corrosion (left hand)
Scrolls
 h - 2 scrolls of magic mapping
 j - a scroll of remove curse
 p - a scroll of identify
 r - 3 scrolls of blinking
Potions
 d - a potion of might
 g - 3 potions of curing
 k - a potion of mutation
 n - a potion of agility
 o - a potion of ambrosia
 q - a potion of haste
Comestibles
 f - 7 rations


   Skills:
 - Level 3.2 Fighting
 + Level 8.4 Maces & Flails
 - Level 3.2 Armour
 - Level 3.2 Shields


You had 6 spell levels left.
You didn't know any spells.
Your spell library contained the following spells:

 Spells                   Type           Power        Failure   Level  Hunger
 Beastly Appendage        Tmut           #.....       99%         1    ##.....
 Sticks to Snakes         Tmut           #.......     100%        2    ###....
 Spider Form              Tmut/Pois      #.........   100%        3    ####...
 Ice Form                 Ice/Tmut       #.......     100%        4    #####..
 Blade Hands              Tmut           #.........   100%        5    ######.


Dungeon Overview and Level Annotations

Branches:
Dungeon (6/15)
 Temple: D:4-7

Altars:
Gozag
Nemelex Xobeh
Okawaru
Yredelemnul


Innate Abilities, Weirdness & Mutations

You are resistant to torment.
Your stone body is resilient. (AC +4)
You are immune to poison.
You resist negative energy. (rN+)
You are resistant to electric shocks. (rElec)
You can survive without breathing.
You are immune to petrification.
You are immune to rotting.


Message History

You are too injured to fight recklessly!
You are too injured to fight recklessly!
You are too injured to fight recklessly!
You are too injured to fight recklessly!
You are too injured to fight recklessly!
You are too injured to fight recklessly!
You are too injured to fight recklessly!
You are too injured to fight recklessly!
Unknown command.
The adder barely misses you.
The orc wizard gestures wildly while chanting.
The orc wizard blinks!
The orc priest mumbles some strange prayers to Beogh against you.
Beogh smites you!
* * * LOW HITPOINT WARNING * * *
Okay, then.
You feel better. You block the adder's attack. x2
The orc priest mumbles some strange prayers to Beogh against you.
Beogh smites you!
You die...

###########
#.........#
#.#######.#
#.#.....#.#
#@#.###.#.#
#S#.#<..#.#
#o#.#####.#
#.#.......#
#o#########
#)# .o.
....#
......


You could see 2 orc priests, an orc wizard and an adder.

Vanquished Creatures
  An ice beast (D:5)
  A scorpion (D:5)
  2 howler monkeys (D:2)
  2 crimson imps (D:5)
  A quasit (D:3)
  A hound (D:4)
  An orc priest (D:5)
  A centaur skeleton (D:5)
  An orc wizard (D:3)
  3 worker ants
  A hound skeleton (D:4)
  3 adders (D:2)
  An ooze (D:1)
  An adder zombie (D:5)
  An adder skeleton (D:4)
  4 worms
  A dart slug (D:1)
  5 leopard geckos
  16 orcs
  8 bats
  3 giant cockroaches
  10 hobgoblins
  10 jackals
  A quokka (D:3)
  2 ball pythons
  5 frilled lizards
  6 goblins
  7 kobolds
  2 quokka skeletons
  9 rats
110 creatures vanquished.

Vanquished Creatures (others)
  A hobgoblin (D:1)
1 creature vanquished.

Grand Total: 111 creatures vanquished

Notes
Turn   | Place    | Note
-------+----------+-------------------------------------------
     0 | D:1      | poirepourri the Gargoyle Fighter began the quest for the
                  | Orb.
     0 | D:1      | Reached XP level 1. HP: 14/14 MP: 1/1
   162 | D:1      | Reached XP level 2. HP: 18/19 MP: 2/2
   309 | D:1      | Reached skill level 3 in Maces & Flails
   709 | D:1      | Reached XP level 3. HP: 23/23 MP: 3/3
  1489 | D:2      | Reached skill level 4 in Maces & Flails
  1498 | D:2      | Reached XP level 4. HP: 22/28 MP: 4/4
  1524 | D:2      | Reached skill level 5 in Maces & Flails
  1524 | D:2      | Reached XP level 5. HP: 25/32 MP: 5/5
  2034 | D:3      | Found an iron altar of Okawaru.
  2034 | D:3      | Found a basalt altar of Yredelemnul.
  2087 | D:3      | Found a sparkling altar of Nemelex Xobeh.
  2174 | D:3      | Found an opulent altar of Gozag.
  2355 | D:3      | Reached skill level 6 in Maces & Flails
  2653 | D:3      | Reached XP level 6. HP: 34/37 MP: 6/6
  3346 | D:5      | Entered Level 5 of the Dungeon
  3360 | D:5      | Reached skill level 7 in Maces & Flails
  3382 | D:5      | Noticed an ice beast
  3388 | D:5      | Killed an ice beast
  3388 | D:5      | Reached XP level 7. HP: 39/41 MP: 7/7
  3599 | D:5      | Reached skill level 8 in Maces & Flails
  3889 | D:6      | HP: 1/41 [orc priest/divine providence (16)]
  3891 | D:6      | Killed from afar by an orc priest

Skill      XL: |  1  2  3  4  5  6  7 |
---------------+----------------------+-----
Maces & Flails | 3 4 5 6 7 8 |  8.4
Fighting       | |  3.2
Armour         | |  3.2
Shields        | |  3.2

Action                   |  1- 3 |  4- 6 |  7- 9 || total
-------------------------+-------+-------+-------++-------
Melee: Flail             |   188 |   225 |   101 ||   514
  Use: Scroll            |     4 |     8 |     2 ||    14
       Potion            |       |       |     1 ||     1
  Eat: Ration            |     1 |     2 |       ||     3
Armor: Scale mail        |   110 |    97 |    29 ||   236
Dodge: Dodged            |    69 |    51 |    14 ||   134
Block: Shield            |   119 |   167 |    68 ||   354
       Reflection        |       |     1 |       ||     1
